 Dungeon Crawl Stone Soup version 0.22-a0-603-gfc1114d (webtiles) character file.

155 Hebeh the Shield-Bearer (level 5, -6/47 HPs)
             Began as a Minotaur Fighter on July 8, 2018.
             Splashed by a jelly's acid (7 damage)
             ... on level 3 of the Dungeon.
             The game lasted 00:04:32 (1640 turns).

Hebeh the Shield-Bearer (Minotaur Fighter)          Turns: 1640, Time: 00:04:33

Health: -6/47      AC: -6    Str: 22    XL:     5   Next: 14%
Magic:  4/4        EV:  7    Int:  5    God:
Gold:   70         SH: 11    Dex:  9    Spells: 4/4 levels left

rFire    . . .     SeeInvis .   a - +0 war axe
rCold    . . .     Gourm    .   c - +0 shield
rNeg     . . .     Faith    .   b - +0 scale mail
rPois    .         Spirit   .   (helmet restricted)
rElec    .         Reflect  +   l - +0 cloak
rCorr    .         Harm     .   o - +0 pair of gloves
MR       .....                  (no boots)
Stlth    ..........             j - +2 amulet of reflection
HPRegen  0.15/turn              (no ring)
MPRegen  0.09/turn              (no ring)

@: corroded
A: retaliatory headbutt, horns 2
a: no special abilities


You were on level 3 of the Dungeon.
You were hungry.

You visited 1 branch of the dungeon, and saw 3 of its levels.

You collected 70 gold pieces.

Inventory:

Hand Weapons
 a - a +0 war axe (weapon)
 t - a +3 whip
Armour
 b - a +0 scale mail (worn)
 c - a +0 shield (worn)
 l - a +0 cloak (worn)
 o - a +0 pair of gloves (worn)
Jewellery
 j - a +2 amulet of reflection (around neck)
 m - an uncursed amulet of faith
Wands
 s - a wand of flame (33)
Scrolls
 e - 2 scrolls of magic mapping {unknown}
 h - 2 scrolls of remove curse {unknown}
 i - 2 scrolls of identify {unknown}
 k - 2 scrolls of fear {unknown}
 n - 2 scrolls of teleportation {unknown}
Potions
 d - a potion of might
 p - 3 potions of curing {unknown}
 q - 2 potions of lignification {unknown}
 r - a potion of agility {unknown}
 u - a potion of magic {unknown}
Comestibles
 f - 5 rations
 g - 2 chunks of flesh


   Skills:
 + Level 4.5 Fighting
 * Level 4.5 Axes
 + Level 4.5 Armour
 + Level 4.5 Shields


You had 4 spell levels left.
You didn't know any spells.
Your spell library was empty.

Dungeon Overview and Level Annotations

Branches:
Dungeon (3/15)

Altars:
Sif Muna


Innate Abilities, Weirdness & Mutations

You reflexively headbutt those who attack you in melee.
You have a pair of horns on your head.


Message History

You are too injured to fight recklessly!
You are too injured to fight recklessly!
You hit the jelly but do no damage.
Your hands burn!
The jelly is heavily wounded.
You block the jelly's attack.
You are feeling hungry.
You hit the jelly but do no damage.
Your hands burn!
You headbutt the jelly.
The jelly is severely wounded.
The jelly closely misses you.
You hit the jelly but do no damage. The acid corrodes you!
Your hands burn!
* * * LOW HITPOINT WARNING * * *
The jelly is severely wounded.
The jelly hits you.
* * * LOW HITPOINT WARNING * * *
You are splashed with acid!
The acid burns!
* * * LOW HITPOINT WARNING * * *
The jelly hits you.
* * * LOW HITPOINT WARNING * * *
The acid corrodes you!
You are splashed with acid!
The acid burns!
You die...

######### ........#
........######
.............#
.............#
#.=..J@.....###########
##.##..................
#>.................
########+##########
####### ..#... #.#.##
...#+#<#'##


You could see a jelly.

Vanquished Creatures
  An orc priest (D:3)
  An orc wizard (D:3)
  4 adders (D:2)
  An ooze (D:2)
  A dart slug (D:2)
  2 leopard geckos (D:1)
  3 orcs (D:3)
  5 bats
  5 giant cockroaches
  3 goblins
  6 hobgoblins
  8 jackals (D:2)
  A frilled lizard (D:2)
  4 kobolds
  5 rats
50 creatures vanquished.

Notes
Turn   | Place    | Note
-------+----------+-------------------------------------------
     0 | D:1      | Hebeh the Minotaur Fighter began the quest for the Orb.
     0 | D:1      | Reached XP level 1. HP: 19/19 MP: 0/0
   145 | D:1      | Reached XP level 2. HP: 27/27 MP: 1/1
   687 | D:2      | Reached XP level 3. HP: 27/33 MP: 2/2
  1117 | D:2      | Reached XP level 4. HP: 40/40 MP: 3/3
  1375 | D:3      | Reached XP level 5. HP: 29/47 MP: 4/4
  1575 | D:3      | Found a deep blue altar of Sif Muna.
  1640 | D:3      | HP: 2/47 [acid (7)]
  1640 | D:3      | Splashed by a jelly's acid

Vault maps used:
D:1:      dpeg_arrival_refuge
D:3:      grunt_temple_overflow_growth_and_decay, lemuel_coloured_pillars_altar,
          nicolae_overflow_crystal_walls, led_sif_pool

Skill      XL: |  1  2  3  4 |
---------------+-------------+-----
Axes           | 3 4 |  4.5
Fighting       | 4 |  4.5
Armour         | 4 |  4.5
Shields        | 4 |  4.5

Action                   |  1- 3 |  4- 6 || total
-------------------------+-------+-------++-------
Melee: War axe           |    79 |    41 ||   120
       Headbutt          |    10 |     4 ||    14
  Eat: Chunk             |     1 |     1 ||     2
Armor: Scale mail        |    52 |    21 ||    73
Dodge: Dodged            |    27 |     9 ||    36
Block: Shield            |    59 |    31 ||    90
       Reflection        |       |     3 ||     3

Table legend:
 A = Spawn XP
 B = Non-spawn XP
 C = Spawn XP percentage of total XP
 D = Spawn monster count
 E = Non-spawn monster count
 F = Spawn count percentage of total count
 G = Total turns spent on level
                    A         B        C        D         E        F      G
               +---------+---------+-------+---------+---------+-------+---------
         Total |       0 |     222 |   0.0 |       0 |      50 |   0.0 |  1640
               +---------+---------+-------+---------+---------+-------+---------
           D:1 |       0 |      30 |   0.0 |       0 |      17 |   0.0 |   654
           D:2 |       0 |      93 |   0.0 |       0 |      23 |   0.0 |   702
           D:3 |       0 |      99 |   0.0 |       0 |      10 |   0.0 |   284
               +---------+---------+-------+---------+---------+-------+---------
